Cogmind - Beta 17.1 @@@ ROGUE MODE // 2026.09.02 @ 17:20:39 Player: C0-2MO Result: Destroyed by G-47 Trooper with Particle Gun Performance ------------- Evolutions (2) 1000 Regions Visited (3) 600 Robots Destroyed (0) 0 Value Destroyed (0) 0 Prototype IDs (2) 40 Alien Tech Used (0) 0 Bonus (470) 470 TOTAL SCORE: 2110 Bonus ------- Pacifist 470 Cogmind --------- Core Integrity 0/550 Matter 293/300 Energy 79/100 System Corruption 0% Temperature Cool (11) Movement Flying (40) Location -8/Materials Parts ------- > --- POWER (1) -------- (None) > --- PROPULSION (5) --- Flight Unit > --- UTILITY (3) ------ (None) > --- WEAPON (2) ------- (None) > --- INVENTORY (5) ---- Disposable Heat Sink Disposable Heat Sink Structural Scanner Peak State ------------ > --- POWER ------------ (None) > --- PROPULSION ------- Light Treads Light Treads > --- UTILITY ---------- (None) > --- WEAPON ----------- Assault Rifle > --- INVENTORY -------- (None) [Rating: 3] Favorites ----------- Power None Propulsion Light Treads Treads Light Treads Flight Unit Flight Unit Utility None Weapon Hammer Ballistic Gun Assault Rifle Impact Weapon Hammer Build | -11 -10 -9 -8 ------- Run | Yrd Mat Mat Mat Slots Evolved 4 | . . 2 2 Power . | . . . . Propulsion 3 | . . 2 1 Utility 1 | . . . 1 Weapon . | . . . . Parts Attached 6 | 3 . 1 2 Power . | . . . . Engine . | . . . . Core . | . . . . Reactor . | . . . . Propulsion 4 | 2 . . 2 Treads 2 | 2 . . . Leg . | . . . . Wheel . | . . . . Hover . | . . . . Flight 2 | . . . 2 Utility . | . . . . Device . | . . . . Storage . | . . . . Processor . | . . . . Hackware . | . . . . Protection . | . . . . Artifact . | . . . . Weapon 2 | 1 . 1 . Energy Gun . | . . . . Energy Cannon . | . . . . Ballistic Gun 1 | 1 . . . Ballistic Cannon . | . . . . Launcher . | . . . . Special Weapon . | . . . . Impact Weapon 1 | . . 1 . Slashing Weapon . | . . . . Piercing Weapon . | . . . . Special Melee Weapon . | . . . . Unidentified Prototypes . | . . . . Parts Lost 4 | . . . 4 Power . | . . . . Propulsion 3 | . . . 3 Utility . | . . . . Weapon 1 | . . . 1 Highest Loss Streak 2 | . . . 2 To Critical Strikes . | . . . . Average Backups 1 | . . 2 3 Power . | . . . . Propulsion . | . . . . Utility 1 | . . 2 3 Weapon . | . . . . Tool/Special . | . . . . Unused Backups 3 | . . . 3 Power . | . . . . Propulsion . | . . . . Utility 3 | . . . 3 Weapon . | . . . . Tool/Special . | . . . . Average Slot Usage (%) 28 | . 42 33 14 Treads 18 | . 28 22 6 Ballistic Gun 4 | . 14 3 . Impact Weapon 6 | . . 7 7 Peak Build Rating 3 | 3 3 3 3 Average Rating 2 | 2 3 2 1 On Entrance 2 | . 3 3 3 Avg Prop Armor Cover (%) 33 | 30 30 34 37 Naked Turns 8 | . . . 8 Heaviest Build 2 | 2 2 2 2 Greatest Support 4 | 3 3 3 4 Greatest Overweight (x) . | . . . . Average Overweight (x) . | . . . . Largest Inventory Capacity 5 | 5 5 5 5 Average Capacity 5 | 5 5 5 5 Most Carried 3 | . . 3 3 Average Carried 2 | . . 2 3 Final Capacity 5 | 5 5 5 5 Final Carried 3 | . . 3 3 Class Distribution -------------------- 100% | Mutant Dominant Class ---------------- Mutant | -10/Materials Mutant | -9/Materials Mutant | -8/Materials Resources | -11 -10 -9 -8 ----------- Run | Yrd Mat Mat Mat Matter Collected 219 | 180 . . 39 Remotely . | . . . . Salvage Created . | . . . . Parts . | . . . . Haulers Intercepted . | . . . . Recyclers Shooed . | . . . . Parts Field Recycled . | . . . . Retrieved Matter . | . . . . Parts Self-Destructed . | . . . . Prevented . | . . . . Parts Restored . | . . . . Kills | -11 -10 -9 -8 ------- Run | Yrd Mat Mat Mat Combat Hostiles Destroyed . | . . . . Classes Destroyed . | . . . . Best Kill Streak . | . . . . Combat Bots Only . | . . . . Max Kills in Single Turn . | . . . . Gunslinging . | . . . . Exploded . | . . . . Melee . | . . . . Uniques/NPCs Destroyed . | . . . . Combat | -11 -10 -9 -8 -------- Run | Yrd Mat Mat Mat Hostile Shots Fired 137 | . . 32 105 Missed 58 | . . 12 46 Hits 79 | . . 20 59 Projectile 79 | . . 20 59 Critical Strikes 3 | . . . 3 Damage Taken 1004 | . 2 188 814 Core 589 | . . 28 561 Absorbed by Shields . | . . . . Core Remaining (%) 97 | 100 100 93 . Volleys Fired . | . . . . Largest . | . . . . Hottest . | . . . . Shots Fired . | . . . . Gun . | . . . . Cannon . | . . . . Launcher . | . . . . Special . | . . . . Kinetic . | . . . . Thermal . | . . . . Explosive . | . . . . Electromagnetic . | . . . . Robot Hit Streak . | . . . . Robot Miss Streak . | . . . . Penetration Max . | . . . . Secondary Targets . | . . . . Shots Hit Robots . | . . . . Core Hits . | . . . . Critical Kills . | . . . . Critical Parts Destroyed . | . . . . Critical Strikes . | . . . . Melee Attacks 13 | . . 12 1 Impact 13 | . . 12 1 Slashing . | . . . . Piercing . | . . . . Sneak Attacks . | . . . . Combat Hostiles . | . . . . Follow-up Attacks . | . . . . Damage Inflicted 6 | . 4 . 2 Guns . | . . . . Cannons . | . . . . Explosions . | . . . . Melee . | . . . . Ramming 6 | . 4 . 2 Kinetic . | . . . . Thermal . | . . . . Explosive . | . . . . Electromagnetic . | . . . . Impact . | . . . . Slashing . | . . . . Piercing . | . . . . Highest Corruption . | . . . . Average Corruption . | . . . . Corruption Purged . | . . . . Corruption Blocked . | . . . . Overload Shots . | . . . . Overflow Damage . | . . . . Projectiles . | . . . . Explosions . | . . . . Melee . | . . . . Knockbacks . | . . . . Impact . | . . . . Kinetic . | . . . . Secondary . | . . . . Self-Inflicted Damage 2 | . 2 . . Shots . | . . . . Rammed 4 | . 1 . 3 Targets Rammed 4 | . 1 . 3 Kicked . | . . . . Crushed . | . . . . Highest Temperature 5 | . . . 5 Average Temperature 5 | . . . 5 Received Heat Transfer 360 | . . 27 333 Siege Activations . | . . . . Martial Activations . | . . . . Shielding Activations . | . . . . Robots Disrupted . | . . . . Combat Hostiles . | . . . . Robots Corrupted . | . . . . Combat Hostiles . | . . . . Parts Fried . | . . . . Impact Corruptions . | . . . . Robots Melted . | . . . . Combat Hostiles . | . . . . Parts Melted . | . . . . Heat Transferred . | . . . . Parts Sabotaged . | . . . . Parts Stolen . | . . . . Parts Stripped . | . . . . Power Chain Reactions . | . . . . Alert | -11 -10 -9 -8 ------- Run | Yrd Mat Mat Mat Maximum Alert Level . | . . . . Low Security (%) 100 | 100 100 100 100 Level 1 . | . . . . Level 2 . | . . . . Level 3 . | . . . . Level 4 . | . . . . Level 5 . | . . . . High Security . | . . . . Max Security . | . . . . Peak Influence 120 | . . 120 100 Initial 46 | . . . 46 Average 28 | . . 32 41 Influence Increases 269 | . . 155 114 Successful Hack 38 | . . 29 9 Destroy Structure 6 | . . 6 . Partial Spotted 15 | . . 15 . Lose Combat Pursuer 210 | . . 105 105 Influence Decreases 179 | . . 44 135 Entered New Map 65 | . . . 65 Time Decay 74 | . . 44 30 Lost Part 40 | . . . 40 Squads Dispatched 5 | . . 2 3 Investigation 3 | . . 1 2 Extermination . | . . . . Reinforcement 2 | . . 1 1 Assault . | . . . . Garrison . | . . . . Intercept . | . . . . Searches Triggered . | . . . . Construction Impeded . | . . . . Haulers Reinforced . | . . . . Active Scanning Responses . | . . . . Cargo Convoy Interrupts . | . . . . Stealth | -11 -10 -9 -8 --------- Run | Yrd Mat Mat Mat Distress Signals 4 | . . 3 1 Communications Jammed . | . . . . Distress Signals . | . . . . Times Spotted 36 | . 1 13 22 Peak Tracking Total 18 | . 1 14 18 Tactical Retreats 4 | . . 2 2 Traps | -11 -10 -9 -8 ------- Run | Yrd Mat Mat Mat Traps Triggered . | . . . . Indirectly . | . . . . Trap Hack Attempts . | . . . . Triggered . | . . . . Disarmed . | . . . . Reprogrammed . | . . . . Reused . | . . . . Traps Extracted . | . . . . Installed . | . . . . Triggered . | . . . . Machines | -11 -10 -9 -8 ---------- Run | Yrd Mat Mat Mat Machines Disabled . | . . . . Max in Single Turn . | . . . . Machines Repaired . | . . . . Machines Dismantled . | . . . . Machines Sabotaged . | . . . . Overloaded Fab Kills . | . . . . Hacking | -11 -10 -9 -8 --------- Run | Yrd Mat Mat Mat Machines Accessed 8 | . . 6 2 Terminals 8 | . . 6 2 Fabricators . | . . . . Repair Stations . | . . . . Recycling Units . | . . . . Scanalyzers . | . . . . Garrison Access . | . . . . Total Hacks 28 | . . 21 7 Successful 13 | . . 10 3 Failed 14 | . . 10 4 Catastrophic 4 | . . 3 1 Database Lockouts 1 | . . 1 . Manual 25 | . . 18 7 Terminals 28 | . . 21 7 Fabricators . | . . . . Repair Stations . | . . . . Recycling Units . | . . . . Scanalyzers . | . . . . Garrison Access . | . . . . Terminal Hacks 10 | . . 9 1 Robot Analysis 2 | . . 2 . Prototype ID Bank 1 | . . 1 . Level Access Points 2 | . . 1 1 Branch Access Points 1 | . . 1 . Terminal Index 1 | . . 1 . Zone Layout 3 | . . 3 . Fabricator Hacks . | . . . . Repair Station Hacks . | . . . . Recycling Unit Hacks . | . . . . Scanalyzer . | . . . . Garrison Access Hacks . | . . . . Unauthorized Hacks 3 | . . 1 2 Terminals 3 | . . 1 2 Botnet 1 | . . 1 . Disrupt 2 | . . . 2 Fabricators . | . . . . Repair Stations . | . . . . Recycling Units . | . . . . Scanalyzers . | . . . . Garrison Access . | . . . . Data Cores Recovered . | . . . . Used . | . . . . Hacking Detections 7 | . . 5 2 Full Trace Events 4 | . . 2 2 Feedback Events . | . . . . Feedback Blocked . | . . . . Robot Schematics Acquired . | . . . . Robots Built . | . . . . Authchips . | . . . . Time . | . . . . Total Robot Build Rating . | . . . . Part Schematics Acquired . | . . . . Parts Built . | . . . . Authchips . | . . . . Time . | . . . . Total Part Build Rating . | . . . . Part Studies Acquired . | . . . . Parts Repaired . | . . . . Time . | . . . . Parts Recycled . | . . . . Recycled Matter . | . . . . Retrieved Matter . | . . . . Retrieved Components . | . . . . Parts Scanalyzed . | . . . . Part Schematics Acquired . | . . . . Parts Damaged . | . . . . Bothacking | -11 -10 -9 -8 ------------ Run | Yrd Mat Mat Mat Used RIF Installer . | . . . . Robots Hacked . | . . . . Non-combat . | . . . . Combat . | . . . . Robot Hacks Applied . | . . . . Relay Couplers Released . | . . . . Fabnet Peak Effective % . | . . . . Robots Rewired . | . . . . Allies Hacked . | . . . . Hacks Repelled . | . . . . Allies | -11 -10 -9 -8 -------- Run | Yrd Mat Mat Mat Total Allies . | . . . . Largest Group . | . . . . Highest-Rated Group . | . . . . Highest-Rated Ally . | . . . . Total Orders . | . . . . Ally Attacks . | . . . . Total Damage . | . . . . Kills . | . . . . Allies Corrupted . | . . . . Allies Melted . | . . . . Intel | -11 -10 -9 -8 ------- Run | Yrd Mat Mat Mat Active Infowar (turns) . | . . . . Robot Analysis Total 2 | . . 2 . Derelict Logs Recovered . | . . . . Drone Launches . | . . . . Drone Recoveries . | . . . . Exploration | -11 -10 -9 -8 ------------- Run | Yrd Mat Mat Mat Turns Passed 258 | 16 32 131 79 Spaces Moved 413 | 24 62 186 141 Core 409 | 24 62 186 137 Treads . | . . . . Legs . | . . . . Wheels . | . . . . Hover . | . . . . Flight 4 | . . . 4 Fastest Speed 40 | 50 50 50 40 Average Speed 49 | 50 50 50 49 Slowest Speed 50 | 50 50 50 50 Overloaded Moves . | . . . . Propulsion Burnouts . | . . . . Robots Hopped . | . . . . Potential Cave-ins 5 | . . 5 . Cave-ins Triggered . | . . . . Exploration Rate (%) 20 | 3 25 32 23 Regions Visited 3 Branch Regions . Pre-discovered Areas . | . . . . Known Exits Taken 1 | . . 1 . Unknown Exits Taken 2 | 1 1 . . Scrap Searched . | . . . . Spaces Dug 11 | . . 11 . Terrain Destroyed 11 | . . 11 . Melee 11 | . . 11 . Projectile . | . . . . AOE . | . . . . Terrain Rammed . | . . . . Walls Destroyed . | . . . . Machines Disabled . | . . . . Actions | -11 -10 -9 -8 --------- Run | Yrd Mat Mat Mat Total 437 | 26 62 202 147 Wait . | . . . . Move 410 | 23 61 185 141 Hop . | . . . . Pick Up 3 | . . 3 . Fast Attach 6 | 3 . 1 2 Attach . | . . . . Detach . | . . . . Swap . | . . . . Drop 1 | . . 1 . Fire . | . . . . Melee 13 | . . 12 1 Ram 4 | . 1 . 3 Kick . | . . . . Crush . | . . . . Escape Stasis . | . . . . Rewire . | . . . . Trap . | . . . . Miscellaneous . | . . . . Route ------- -11/Scrapyard -10/Materials -9/Materials (discovered 5 exits: *Mat x3 / *Min x2) -8/Materials (discovered 3 exits: Fac x3) History --------- Turn | Location | Event 9 | -11/Scrapyard | Discovered new exit (range 16) 17 | -11/Scrapyard | Entered Materials 48 | -10/Materials | Discovered new exit (range 4) 49 | -10/Materials | Entered another Materials area 49 | -9/Materials | Evolved 2 slots: Propulsion x2 110 | -9/Materials | Discovered new exit (range 6) 132 | -9/Materials | Identified exit to Mines 132 | -9/Materials | Identified exit to Materials 178 | -9/Materials | Central database locked down 180 | -9/Materials | Entered another Materials area 180 | -8/Materials | Evolved 2 slots: Propulsion x1, Utility x1 224 | -8/Materials | Core integrity fell below 50% 243 | -8/Materials | Core integrity fell below 20% 249 | -8/Materials | Identified exit to Factory 259 | -8/Materials | Destroyed by G-47 Trooper with Particle Gun Last Messages --------------- Map updated. >>Trojan(Disrupt) Trojan loaded successfully. Testing... Disruption routine running. 00249_ ALERT: Suspicious activity at Terminal M006. Dispatching Investigation squad. 00251_ Slammed into S-10 Pest. 00252_ K-01 Serf collects debris. 00253_ Slammed into S-10 Pest. 00255_ Acquired Flight Unit. 00256_ W-25 Informer sends out distress signal. 00256_ K-01 Serf collects debris. 00256_ Acquired 19 matter. 00257_ Acquired Flight Unit. 00258_ Flight Unit destroyed. 00259_ S-10 Pest destroyed. 00259_ Acquired 20 matter. 00259_ S-10 Pest destroyed. 00259_ K-01 Serf collects debris. Map ----- +----------------------------------------------------+ | ?????????????????????????????????????????????????? | | ?????????????????????????????????????????????????? | | ?????????????????????????????????????????????????? | | ?????????????????????????????????????????????????? | | ?????????????????????????????????????????????????? | | ?????????????????????????????????????????????????? | | ?????????????????????????????????????????????????? | | ?????????????????????????????????????????????????? | | ?????????????????????????????????????????????????? | | ?????????????????????????????????????????????????? | | ?????????????????????????????????????????????????? | | ?????????????????????????????????????????????????? | | ?????????????????????????????????????????????????? | | ?????????????????????????????????????????????????? | | ?????????????????????????????????????????????????? | | ?????????????????????????????????????????????????? | | ?????????????????????????????????????????????????? | | ???????????????????????#+#???????????????????????? | | ???????????????????????# #???????????????????????? | | ???????????????????????#g#???????????????????????? | | ?????????????????#?????# #???????????????????????? | | ?????????????????# ????# #???????????????????????? | | ?????????????????# ##### #############???????????? | | ?????????????????# = + #???????????? | | ??????????????###### %=#"" #???????????? | | ??????????????# w k@s#"T #???????????? | | ??????????????# #"" """ #???????????? | | ????????? ??# gg + """ #???????????? | | ?????#? " # Y # """ #???????????? | | ?????# T # ###+#### """ #???????????? | | ????## " ## a## ##= #???????????? | | ????# ## Y ## T ############???????????? | | ?????# """" ## ## ! #??????????????????????? | | ?????# """" ## ## #??????????????????????? | | ?????? """" ## ## """ #??????????????????????? | | ???????? ??# ## """ #??????????????????????? | | ##########/##### ## """ #??????????????????????? | | ########??????????????????????? | | #?????????????????????????????? | | #?????????????????????????????? | | ######### ###/####?????????????????????????????? | | ???????# #? ???????????????????????????????? | | #?????# #? ?????????????????????????????? | | " #?????# # ????????????????????????????? | | " #?????# + / ??????????????????????????? | | " #?????/ # ?????????????????????????? | | #???? # #############????????????????????????? | | ###???? # #????????????????????????????????????? | | #????? ?# #????????????????????????????????????? | | ###??? ?# #????????????????????????????????????? | +----------------------------------------------------+ Best States ------------- Heat Dissipation 31 Energy Generation 5 Energy Capacity 100 Matter Stores 258 Matter Capacity 300 Sight Range 16 Terrain Scan Density 10 Evasion (%) 50 Item Schematics ----------------- None Robot Schematics ------------------ None Fabricated ------------ Nothing Repaired ---------- Nothing Studied --------- None Alien Tech Used ----------------- None Achievements -------------- None Challenges ------------ None Game ------ Seed ShadeDispersionSpoofer Manual? 0 Play Time 00:07:11 Cumulative 387.5 hours Start 2026.09.02 @ 17:15:04 End 2026.09.02 @ 17:20:39 Sessions 1 Manual Loads 0 Difficulty Rogue Special Mode None Game No. 182 Rogue 182 Adventurer 0 Explorer 0 Win Type - Total 34 Types 14/1/9/1/5/1/1/0/0/2 Lore% 89 Gallery% 80 Achievement% 87 Wizard Run 0 Options --------- Layout 1 ASCII 0 Keyboard 0 Movement Numpad Keybinds 0 Fullscreen 1 Font 24/Smallcaps Map View 50x35 Zoom Use 0% Tactical HUD 1 Map Filters NONE Filters NONE Steam 1 RUN: f76f8e86-934f-4ac8-b22e-187f6eb9faf6